 Dungeon Crawl Stone Soup version 0.28.0 (webtiles) character file.

Game seed: 16483288824881411483

8 crazypyro the Digger (level 2, -3/15 HPs)
             Began as a Tengu Earth Elementalist on Feb 9, 2022.
             Slain by an orc (6 damage)
             ... on level 1 of the Dungeon.
             The game lasted 00:00:56 (1018 turns).

crazypyro the Digger (Tengu Earth Elementalist)     Turns: 1018, Time: 00:00:57

Health: -3/15      AC:  2    Str:  8    XL:     2   Next: 8%
Magic:  1/6        EV: 12    Int: 15    God:
Gold:   56         SH:  0    Dex: 14    Spells: 3/5 levels left

rFire   . . .      SeeInvis .   (no weapon)
rCold   . . .      Faith    .   (no shield)
rNeg    . . .      Spirit   .   b - +0 robe
rPois   .          Reflect  .   (helmet restricted)
rElec   .          Harm     .   (no cloak)
rCorr   .          Rampage  .   (no gloves)
Will    .....                   (boots unavailable)
Stlth   ++........              (no amulet)
HPRegen 0.05/turn               (no ring)
MPRegen 0.10/turn               (no ring)

@: no status effects
A: beak, talons 3
a: no special abilities


You were on level 1 of the Dungeon.
You visited 1 branch of the dungeon, and saw 2 of its levels.

You collected 56 gold pieces.

Inventory:

Missiles
 c - 45 stones
Armour
 b - a +0 robe (worn)
Potions
 a - a potion of brilliance {unknown}
 d - a potion of heal wounds {unknown}


   Skills:
 - Level 2.1 Dodging
 - Level 2.0 Stealth
 + Level 2.2 Spellcasting
 + Level 1.1 Transmutations
 * Level 0.7 Air Magic
 - Level 2.2 Earth Magic


You had 3 spell levels left.
You knew the following spells:

 Your Spells              Type           Power      Damage    Failure   Level
a - Sandblast             Erth           16%        2d6       9%          1
b - Shock                 Conj/Air       8%         1d3       19%         1

Your spell library contained the following spells:

 Spells                   Type           Power      Damage    Failure   Level
 Passwall                 Tmut/Erth      5%         N/A       16%         2
 Ensorcelled Hibernation  Hex/Ice        2%         N/A       32%         2
 Stone Arrow              Conj/Erth      10%        3d7       38%         3
 Swiftness                Air            4%         N/A       43%         3
 Petrify                  Tmut/Erth      6%         N/A       71%         4
 Airstrike                Air            2%         N/A       83%         4


Dungeon Overview and Level Annotations

Branches:
Dungeon (2/15)

Altars:


Innate Abilities, Weirdness & Mutations

You have a beak for a mouth.
You have claws for feet.


Message History

You climb downwards.
Found 17 stones and 14 gold pieces.
There is a stone staircase leading up here.
An orc is nearby!
An orc is nearby!
You can't see any susceptible monsters within range! (Use Z to cast anyway.)
The blast of sand hits the orc but does no damage.
The blast of sand hits the orc but does no damage.
The blast of sand hits the orc but does no damage.
The blast of sand hits the orc but does no damage.
The orc hits you with a +0 hand axe!
The blast of sand hits the orc but does no damage.
The orc hits you with a +0 hand axe.
You are too injured to fight recklessly!
There is a stone staircase leading up here.
Casting: Sandblast (safe; 9% risk of failure)
Confirm with . or Enter, or press ? or * to list all spells.
Aiming: Sandblast (safe; 9% risk of failure)
Press: ? - help, Shift-Dir - straight line, f/p - orc
Aim: an orc, wielding a +0 hand axe and wearing a +0 chain mail (84% to hit)
The blast of sand hits the orc but does no damage.
The orc barely misses you.
You see here 17 stones.
Casting: Sandblast (safe; 9% risk of failure)
Confirm with . or Enter, or press ? or * to list all spells.
Aiming: Sandblast (safe; 9% risk of failure)
Press: ? - help, Shift-Dir - straight line, f/p - orc
Aim: an orc, wielding a +0 hand axe and wearing a +0 chain mail (84% to hit)
The blast of sand hits the orc but does no damage.
The orc hits you with a +0 hand axe.
* * * LOW HITPOINT WARNING * * *
The orc hits you but does no damage. The orc barely misses you.
The orc barely misses you.
There is a stone staircase leading up here.
The orc barely misses you.
You climb upwards.
There is a stone staircase leading down here.
The orc hits you with a +0 hand axe.
You die...

#'####....# ##.#
#.#
..........#####.##
#.#
.................#
#.#
.................#
#.#
.................#
#.#
......##.........#
#.#
#'######.........#
#.#
......)........o>#
#.#
..(............#@#
#.#
...............#.#
#.#
...............#.#
#.#
...............#.#
#.########
...............#.#
#.........
.........#######.#
#########.
..##+##'## #.# #.
..#..##.# #.# ###.
..#.....########.#
#.#.


You could see an orc.

Vanquished Creatures
  2 jackals (D:1)
  A quokka (D:1)
  2 bats (D:1)
  2 kobolds (D:1)
  A rat (D:1)
8 creatures vanquished.

Notes
Turn   | Place    | Note
-------+----------+-------------------------------------------
     0 | D:1      | crazypyro the Tengu Earth Elementalist began the quest for
                  | the Orb.
     0 | D:1      | Reached XP level 1. HP: 10/10 MP: 4/4
   268 | D:1      | Reached skill level 1 in Transmutations
   407 | D:1      | Learned a level 1 spell: Shock
   833 | D:1      | Reached XP level 2. HP: 15/15 MP: 3/6
  1018 | D:1      | Slain by an orc

Illustrated notes

Levels and vault maps discovered:
D:1:      scummos_arrival_simple_crosswalls, layout_basic
D:2:      minmay_wonky_spiral, layout_basic

Skill      XL: |  1 |
---------------+----+-----
Transmutations | 1 |  1.1
Dodging        | |  2.1
Stealth        | |  2.0
Spellcasting   | |  2.2
Air Magic      | |  0.7
Earth Magic    | |  2.2

Action                   || total
-------------------------++-------
 Cast: Sandblast         ||    19
Armor: Robe              ||     2
Dodge: Dodged            ||     6
